[Event "*** Titled Tuesday Blitz"]
[Site "Chess.com"]
[Date "2018.12.04"]
[Round "6"]
[White "David_Paravyan"]
[Black "dyziotomi99"]
[Result "1-0"]
[WhiteElo "2836"]
[BlackElo "2634"]
[TimeControl "180+2"]
[EndTime "14:24:28 PST"]
[Termination "David_Paravyan won by resignation"]

1. c4 e5 2. Nc3 Nf6 3. g3 Bb4 4. e4 O-O 5. Nge2 Nc6 6. Bg2 d6 7.
O-O a6 8. d3 Bc5 9. h3 Rb8 10.
a3 b5 11. b4 Ba7 12. Kh2 Nd4 13. Ra2 Be6 14. Nd5 bxc4 15. dxc4 c6 16. Ne3 a5 17. Rb2 axb4 18. axb4 Nxe2 19. Qxe2 Bd4 20. Rb1 d5 21. exd5 cxd5 22. Rd1 dxc4 23. Nxc4 Qc7 24. Ne3 Rfc8 25. Bd2 Qb6 26. Rdc1 Rxc1 27. Rxc1 h6 28. Rc6 Qd8 29. Be1 Nd5 30. Nxd5 Bxd5 31. Bxd5 Qxd5 32. Rc1 g6 33. Rb1 Rb5 34. Bd2 Kg7 35. Be3 Bxe3 36. Qxe3 Qc4 37.
Qd2 Qe4 38. Rb2 Qc4 39. h4 h5 40. Qe1 Qd4 41. Rb1 e4 42. Rb3 Qc4 43. Qb1 Qd4 44.
Kg2 Kh7 45. Rb2 e3 46. fxe3 Qxe3 47. Rf2 Rb7 48. Qa2 Qe7 49. Qc4 Kg8 50. b5 Qd7 51. Rb2 Rb6 52. Qc5 Qb7+ 53. Kh2 Qb8 54. Rb4 Qb7 55.
Rb3 Qb8 56. Qd5 Qc7 57. Rb2 Qe7 58. Qd4 Qe6 59. Qc5 Kh7 60. Rf2 Kg8 61. Rd2 Kh7 62. Rb2 Qf6 63. Rf2 Qe6 64. Rc2 Rb7 65. Rb2 Rb6 66.
Qc7 Qf6 67. Qc2 Qe5 68. Qb3 Kg7 69. Rb1 Qd4 70. Qc2 Qe5 71. Qb2 Kf6 72. Rf1+ Ke6 73. Qb3+ Kd6 74. Qxf7 Rxb5 75. Qxg6+ Kc7 76. Rf7+ Kd8 77.
Qg8+ Qe8 78. Rf8 Rb2+ 79. Kh3 1-0

[Event "*** Titled Tuesday Blitz"]
[Site "Chess.com"]
[Date "2018.12.04"]
[Round "6"]
[White "nitpicker"]
[Black "eCztery"]
[Result "1-0"]
[WhiteElo "2184"]
[BlackElo "2235"]
[TimeControl "180+2"]
[EndTime "14:24:50 PST"]
[Termination "nitpicker won by checkmate"]

1. d4 Nf6 2. c4 e6 3. g3 d5 4. Nf3 c6 5. Qc2 Bb4+ 6. Nbd2 O-O 7. Bg2 Ne4 8. O-O f5 9. Ne5 Nd7 10. Nd3 Nxd2 11. Bxd2 Bxd2 12. Qxd2 dxc4 13. Nf4 Nb6 14. Qc2 g5 15. Nh3 g4 16. Nf4 Qxd4 17. e4 Qg7 18.
exf5 e5 19. Ne6 Bxe6 20. fxe6 Rae8 21. a4 Rxe6 22. a5 Nd5 23. Qxc4 Rh6 24. Bxd5+ cxd5 25. Qxd5+ Kh8 26. Rae1 Rf5 27. Re4 Rfh5 28. Qd8+ Qg8 29. Qxg8+ Kxg8 30. Rxg4+ Kf7 31. h4 Ra6 32. b4 Rf5 33.
Rc1 Rc6 34. Rxc6 bxc6 35. Rc4 Rf6 36. Rc5 Re6 37. Kf1 Ke7 38. Ke2 Kd6 39. Ke3 Re7 40. Ke4 Rg7 41. Rc4 h5 42. Kf3 Kd5 43. Rc5+ Kd6 44.
Rc1 Rb7 45. Rd1+ Ke6 46. Rb1 c5 47. b5 Kd5 48. b6 c4 49. Rb5+ Kd6 50. a6 Rf7+ 51.
Ke3 axb6 52. Rxb6+ Kc5 53. Rh6 Rd7 54. Rxh5 c3 55. Rxe5+ Kb6 56. Re6+ Ka7 57. Re4 Rc7 58. Kd3 c2 59. Re1 c1=Q 60. Rxc1 Rxc1 61. Ke4 Kxa6 62.
h5 Kb7 63. g4 Kc7 64. g5 Kd7 65. Kf5 Ke7 66. Kg6 Rc6+ 67. Kg7 Rc5 68. f4 Rf5 69. h6 Rf7+ 70. Kg8 Rf8+ 71. Kg7 Rxf4 72. h7 Rf7+ 73. Kg8 Rf5 74. g6 Rf6 75. g7 Ra6 76. h8=Q Ra8+ 77.
Kh7 Ra1 78. g8=Q Rh1+ 79. Kg6 Rg1+ 80. Kf5 Rf1+ 81. Ke4 Re1+ 82. Kd3 Rd1+ 83. Ke2 Rd7 84. Qe5# 1-0

[Event "*** Titled Tuesday Blitz"]
[Site "Chess.com"]
[Date "2018.12.04"]
[Round "6"]
[White "AdrianaNikolova"]
[Black "Vamostodorecto"]
[Result "0-1"]
[WhiteElo "2382"]
[BlackElo "2426"]
[TimeControl "180+2"]
[EndTime "14:24:52 PST"]
[Termination "Vamostodorecto won by checkmate"]

1. d4 d5 2. Bf4 Nf6 3. Nf3 g6 4. e3 Bg7 5. h3 O-O 6. Nbd2 c5 7. c3 b6 8. Bd3 Bb7 9. O-O Nc6 10. Ne5 Nxe5 11.
Bxe5 Nd7 12. Bxg7 Kxg7 13. f4 e6 14. Qg4 Qe7 15. Nf3 f6 16. Rae1 c4 17. Bb1 b5 18.
Qg3 Rae8 19. e4 dxe4 20. Bxe4 Bxe4 21. Rxe4 b4 22. Rfe1 Qd6 23. Nh4 Kf7 24. Qf2 bxc3 25. bxc3 Nb6 26. Qe2 Nd5 27. Qxc4 Nxf4 28. Nf3 Rc8 29.
Qf1 Rxc3 30. Kh1 Re8 31. Ne5+ fxe5 32. dxe5 Qc7 33. Qxf4+ Kg8 34. Rf1 Qe7 35. Rd4 Ra3 36.
Rd2 Rf8 37. Qxf8+ Qxf8 38. Rxf8+ Kxf8 39. Rd7 h5 40. Rd6 Ke7 41. Rd2 Ra5 42. Rb2 g5 43.
Rb7+ Kf8 44. Rb8+ Kf7 45. Rb7+ Kg6 46. Re7 Kf5 47. Rh7 h4 48. Rg7 Rxa2 49. Kh2 a5 50. Rg8 a4 51. Rf8+ Kxe5 52. Rg8 Kf5 53. Rf8+ Kg6 54. Rg8+ Kf6 55. Rf8+ Kg7 56. Re8 Kf7 57. Ra8 a3 58. Ra7+ Kf6 59. Ra5 e5 60. Ra6+ Kf5 61.
Ra8 Ra1 62. Rf8+ Ke4 63. Rf3 a2 64. Ra3 Kf4 65. Ra4+ e4 66. Ra3 e3 67. Ra4+ Ke5 68.
Ra8 Kd4 69. Rd8+ Kc3 70. Rc8+ Kd2 71. Rd8+ Ke1 72. Ra8 e2 73. Ra5 Kd2 74. Rd5+ Ke3 75.
Re5+ Kd3 76. Rxg5 Rh1+ 77. Kxh1 a1=Q+ 78. Kh2 e1=Q 79. Rd5+ Ke4 80. Rd2 Qg3# 0-1

[Event "*** Titled Tuesday Blitz"]
[Site "Chess.com"]
[Date "2018.12.04"]
[Round "6"]
[White "zeitnot2006"]
[Black "Karina_Oparina"]
[Result "1/2-1/2"]
[WhiteElo "2067"]
[BlackElo "2112"]
[TimeControl "180+2"]
[EndTime "14:24:59 PST"]
[Termination "Game drawn - insufficient material"]

1. d4 Nf6 2. c4 e6 3. g3 Bb4+ 4. Bd2 c5 5. Bxb4 cxb4 6. Bg2 O-O 7. Nf3 d6 8. O-O Nc6 9. Qb3 a5 10. a3 Qb6 11. axb4 Nxb4 12. Nc3 Bd7 13. e3 Rfc8 14. Nd2 Bc6 15. Nce4 Nxe4 16. Nxe4 Qc7 17. Rac1 Rab8 18. c5 d5 19. Nd6 Rd8 20. Rfd1 Qd7 21. Qa3 Ra8 22. Bf1 b6 23. Be2 Ra7 24. Bf1 Raa8 25.
Be2 bxc5 26. dxc5 e5 27. Bd3 g6 28. e4 Nxd3 29. Rxd3 dxe4 30. Rd2 e3 31. Qxe3 Qh3 32. f3 Qe6 33. Rcd1 f6 34. Ne4 Rxd2 35. Rxd2 Bxe4 36.
Qxe4 Rc8 37. Rd6 Qc4 38. Rxf6 Qxe4 39. fxe4 Rxc5 40. Ra6 Rb5 41. Ra7 Rxb2 42. Rxa5 Rb1+ 43. Kg2 Rb2+ 44. Kh3 Re2 45. Rxe5 Kg7 46. Re7+ Kf6 47. Rxh7 Rxe4 48. Ra7 Rd4 49. Ra2 Rc4 50. Kg2 Rc3 51.
h3 Rb3 52. Rf2+ Kg5 53. Re2 Rc3 54. Kf2 Rb3 55. Re3 Rb4 56. Kf3 Ra4 57. Re5+ Kf6 58.
Re4 Ra1 59. Kg4 Ra5 60. h4 Rb5 61. Kf4 Rf5+ 62. Kg4 Rc5 63. Rb4 Ra5 64. Kf4 Rf5+ 65. Kg4 Ra5 66. Rb6+ Kg7 67. Re6 Kf7 68. Re4 Kf6 69.
Kh3 Rb5 70. g4 Rb3+ 71. Kg2 Ra3 72. Kf2 Rh3 73. g5+ Kf5 74. Ra4 Ke6 75. Kg2 Rd3 76.
Rf4 Rd2+ 77. Kf3 Rd3+ 78. Kg4 Ke5 79. Rf6 Rd4+ 80. Kf3 Rxh4 81. Rxg6 Kf5 82. Rg8 Rf4+ 83. Ke3 Re4+ 84. Kd3 Rg4 85. g6 Rxg6 86. Rxg6 Kxg6 1/2-1/2

[Event "*** Titled Tuesday Blitz"]
[Site "Chess.com"]
[Date "2018.12.04"]
[Round "6"]
[White "Vuk2000"]
[Black "jocmil"]
[Result "1-0"]
[WhiteElo "2651"]
[BlackElo "2475"]
[TimeControl "180+2"]
[EndTime "14:25:50 PST"]
[Termination "Vuk2000 won by resignation"]

1. d4 d5 2. Bf4 c5 3. e3 Nc6 4. c3 Nf6 5. Nd2 Qb6 6. Qb3 c4 7. Qc2 g6 8. e4 dxe4 9. Nxc4 Qd8 10. Ne5 Bg7 11. Bc4 O-O 12. Nxc6 bxc6 13. Ne2 a5 14. Ng3 Nd5 15. Qxe4 Qb6 16. Bxd5 cxd5 17. Qc2 Ba6 18. Ne2 Qe6 19. Be3 Qg4 20. Ng3 e5 21. h3 Qe6 22.
Ne2 exd4 23. cxd4 Rfc8 24. Qd1 Rab8 25. b3 a4 26. O-O axb3 27. axb3 Bxe2 28. Qxe2 Rxb3 29.
Ra6 Rb6 30. Ra2 Rbc6 31. Qf3 h5 32. Ra5 Rd8 33. Rb1 Rc4 34. Rd1 Kh7 35. Ra7 Rd7 36. Ra5 Rc6 37. Qe2 Rc8 38. Ra6 Rd6 39. Ra5 Re8 40. Qd3 Qe4 41. Qb3 Ree6 42. Ra7 Rf6 43. Rc1 Bh6 44. Bxh6 Kxh6 45. Qc3 Qf4 46. Rf1 Rde6 47.
Ra2 Rf5 48. Rd2 Rg5 49. Qd3 Qe4 50. Qxe4 Rxe4 51. Rb1 Rf5 52. Rb5 Kg7 53. f3 Re3 54. Kf2 Rc3 55. Ra2 Rc4 56. Ke3 Rc3+ 57. Kd2 Rc4 58. Kd3 Rc7 59. Raa5 Rd7 60. Rc5 h4 61. Ra6 Rg5 62. Ra2 Rf5 63. Re2 Rg5 64. Kc3 Kf6 65. Kb4 Rb7+ 66. Kc3 Rd7 67. Rc6+ Kg7 68. Kb4 Rb7+ 69. Kc5 Rb1 70. Ra6 Rc1+ 71.
Kd6 Rg1 72. Raa2 Rf5 73. Re5 Rxe5 74. Kxe5 Kf8 75. Kxd5 Ke8 76. Ke5 Re1+ 77. Kf6 Re6+ 78. Kg5 Rd6 79. Rd2 Ke7 80. Kxh4 Ke6 81. Kg5 Kd5 82.
Kh6 Kc4 83. Kg7 Kc3 84. Rd1 f5 85. d5 Kc2 86. Re1 Kd2 87. Re6 Rxd5 88. Rxg6 Ke3 89. h4 Kf4 90. h5 Rd7+ 91. Kf6 Rd6+ 92. Ke7 Rd1 93. h6 Rh1 94. Kf6 Rh5 95. Kg7 1-0

[Event "*** Titled Tuesday Blitz"]
[Site "Chess.com"]
[Date "2018.12.04"]
[Round "6"]
[White "PelinGorki"]
[Black "KenanGarayev"]
[Result "1/2-1/2"]
[WhiteElo "2521"]
[BlackElo "2767"]
[TimeControl "180+2"]
[EndTime "14:26:20 PST"]
[Termination "Game drawn - insufficient material"]

1. e4 e6 2. d4 d5 3. Nc3 Nf6 4.
e5 Nfd7 5. f4 c5 6. Nf3 Nc6 7.
dxc5 Bxc5 8. Bd3 a6 9. a3 b5 10. Bd2 Bb7 11. Qe2 h6 12. Nd1 b4 13. axb4 Nxb4 14. Bxb4 Bxb4+ 15. c3 Bc5 16. b4 Bb6 17. Nd4 O-O 18. O-O Nb8 19. Kh1 Nc6 20. Nxc6 Bxc6 21. Rxa6 Rxa6 22. Bxa6 Qc7 23. Bd3 Ra8 24. Ne3 Ra3 25.
Qd2 Bb7 26. Rc1 Qc6 27. Bb1 Bxe3 28. Qxe3 d4 29. Qd2 Rxc3 30. Rxc3 Qxc3 31. Qxc3 dxc3 32.
Kg1 f5 33. exf6 gxf6 34. Kf2 Kf7 35. g3 e5 36. Ke3 Ke6 37. Bc2 Ba6 38. h4 exf4+ 39.
Kxf4 Kd5 40. Kf5 Kd4 41. Kxf6 Bd3 42. Bb3 Bc4 43. Bc2 h5 44. Ba4 Bb5 45. Bb3 Bc4 46.
Ba4 Bd3 47. Kg5 Be2 48. Bb3 Ke3 49. b5 Bxb5 50. Kxh5 Kd2 51. Kg5 Be2 52. h5 Bd1 53. h6 Bxb3 54. h7 c2 55. h8=Q c1=Q 56. Qd4+ Kc2+ 57.
Qf4 Qe1 58. Qf5+ Kb2 59. Kf6 Qb4 60. Qe5+ Kb1 61. Qf5+ Bc2 62. Qf1+ Ka2 63. Qa6+ Kb2 64. Qe6 Qf8+ 65. Qf7 Qh6+ 66. Ke7 Qe3+ 67. Qe6 Qxg3 68. Qf6+ Kc1 69. Qa1+ Bb1 70. Qf6 Qc7+ 71. Ke6 Qc6+ 72. Ke5 Qc3+ 73. Ke6 Ba2+ 74. Kf5 Qc5+ 75. Qe5 Bd5 76.
Kf4 Kd1 77. Qe3 Qd6+ 78. Qe5 Qh6+ 79. Kf5 Bf3 80. Qa1+ Ke2 81. Qe5+ Kf1 82. Qf4 Qh5+ 83. Kf6 Qh8+ 84. Kf5 Qc3 85. Kg5 Kg2 86. Kf5 Qc5+ 87. Kg6 Qc6+ 88. Kf5 Qe8 89. Qd2+ Kh3 90. Qh6+ Bh5 91.
Kf4 Qb8+ 92. Kf5 Qb1+ 93. Kg5 Qb5+ 94. Kf4 Qa4+ 95. Ke3 Qb3+ 96. Kf4 Qf3+ 97. Ke5 Qc3+ 98. Ke4 Qc4+ 99. Ke5 Kg4 100. Qe6+ Qxe6+ 101. Kxe6 1/2-1/2

[Event "*** Titled Tuesday Blitz"]
[Site "Chess.com"]
[Date "2018.12.04"]
[Round "6"]
[White "nubair1198"]
[Black "Koksik_13"]
[Result "1/2-1/2"]
[WhiteElo "2619"]
[BlackElo "2728"]
[TimeControl "180+2"]
[EndTime "14:29:19 PST"]
[Termination "Game drawn by 50-move rule"]

1. d4 e6 2. c4 d5 3. Nc3 a6 4.
cxd5 exd5 5. Nf3 c6 6. Qc2 Nf6 7. Bg5 Nbd7 8. e3 Be7 9. Bd3 O-O 10. O-O Re8 11. Rab1 Nf8 12. b4 Bd6 13. a4 Bg4 14. Nd2 Bh5 15. h3 Bg6 16. b5 axb5 17. axb5 Bxd3 18. Qxd3 h6 19. Bxf6 Qxf6 20. bxc6 bxc6 21.
Rb6 Ng6 22. Rc1 Nh4 23. Ne2 Ra3 24. Qb1 Qg5 25. g3 Raxe3 26. fxe3 Qxe3+ 27. Kh1 Qxe2 28. Rg1 Qxd2 29. Rb2 Qxd4 30. gxh4 Qxh4 31. Qf5 Qe4+ 32. Qxe4 dxe4 33. Rd1 Be5 34. Rc2 f5 35. Rxc6 e3 36. Kg2 Bf6 37. Kf3 Bh4 38. Ke2 f4 39. Rg6 f3+ 40.
Kxf3 e2 41. Rdg1 e1=Q 42. Rxg7+ Kh8 43. Rxe1 Rxe1 44. Rb7 Rg1 45. Kf4 Bf6 46. Kf5 Bg7 47. Rb3 Kg8 48. Rb8+ Kh7 49. Rb3 Rf1+ 50. Kg4 Kg6 51.
Rf3 Ra1 52. Rd3 Be5 53. Re3 h5+ 54. Kf3 Kf5 55. Rb3 Rg1 56. Kf2 Ra1 57. Rf3+ Kg5 58. Rb3 Kh4 59. Kg2 Ra2+ 60. Kf3 Kxh3 61. Rb5 Ra3+ 62.
Ke2 Ra2+ 63. Kf3 Ra3+ 64. Ke4 Bg3 65. Rxh5+ Kg4 66. Rb5 Ra1 67. Rd5 Re1+ 68. Kd3 Bf4 69. Kd4 Kf3 70. Kd3 Ra1 71. Kd4 Be3+ 72. Kd3 Ra3+ 73. Kc4 Ke4 74. Rd8 Bf4 75. Rc8 Ra1 76. Rc6 Be5 77. Rc5 Rb1 78. Rc6 Rb2 79. Rc5 Bd4 80.
Rc6 Rb1 81. Re6+ Be5 82. Rc6 Kf5 83. Kd5 Rd1+ 84. Kc4 Bf6 85. Rc5+ Ke4 86. Rc6 Be5 87. Rc5 Bd6 88. Rc6 Ke5 89. Ra6 Rc1+ 90. Kd3 Bc5 91.
Rh6 Kd5 92. Rh5+ Kc6 93. Ke4 Bd6 94. Kd4 Ra1 95. Rh6 Ra4+ 96. Kc3 Kd5 97. Kb3 Ra3+ 98. Kb2 Rg3 99. Rh4 Bc5 100. Kc2 Bd4 101. Kd2 Rf3 102.
Rh2 Ra3 103. Re2 Kc4 104. Kc2 Ra1 105. Rd2 Bc3 106. Re2 Bd4 107. Rd2 Re1 108. Rd1 Re8 109. Rd2 Rb8 110. Re2 Ra8 111. Rd2 Be3 112. Re2 Kd4 113. Re1 Ra2+ 114. Kb3 Ra8 115. Rd1+ Ke4 116. Rd7 Bd4 117. Re7+ Kd3 118. Rb7 Ra1 119. Rb5 Rh1 120. Rb4 Bc5 121. Rb5 Kd4 122. Kc2 Kc4 123. Rb2 Bd4 124. Ra2 Bc5 125. Rb2 Ba3 126. Ra2 Bb4 127. Rb2 Rg1 128. Ra2 Rg2+ 129. Kb1 Rg3 130. Kc2 Rh3 131. Rb2 Bc3 132. Ra2 Rg3 133. Ra4+ Bb4 134. Ra2 Ba3 135. Kb1 Kb3 136. Rb2+ Ka4 137. Re2 Bb4 138. Kc2 Kb5 139. Re4 Kc5 140. Re5+ 1/2-1/2

[Event "*** Titled Tuesday Blitz"]
[Site "Chess.com"]
[Date "2018.12.04"]
[Round "7"]
[White "Manukyan_Artak"]
[Black "GMWSO"]
[Result "0-1"]
[WhiteElo "2397"]
[BlackElo "2968"]
[TimeControl "180+2"]
[EndTime "14:31:14 PST"]
[Termination "GMWSO won by resignation"]

1. e4 e6 2. d4 d5 3. e5 c5 4. c3 Nc6 5. Nf3 Qb6 6. a3 c4 7.
Nbd2 Na5 8. Rb1 Bd7 9. g3 Qc6 10. Bh3 Qa4 11. Qe2 Qc2 12. O-O Nb3 13. Nxb3 Qxe2 0-1

[Event "*** Titled Tuesday Blitz"]
[Site "Chess.com"]
[Date "2018.12.04"]
[Round "7"]
[White "PelinGorki"]
[Black "NateSolon"]
[Result "1-0"]
[WhiteElo "2529"]
[BlackElo "2494"]
[TimeControl "180+2"]
[EndTime "14:32:34 PST"]
[Termination "PelinGorki won by resignation"]

1. e4 c5 2. Nf3 e6 3. d4 cxd4 4.
Nxd4 Nc6 5. Nc3 Qc7 6. g3 Nf6 7. Bg2 Nxd4 8. Qxd4 Bc5 9. Qd3 Ng4 10. O-O h5 11.
Bf4 Ne5 12. Nb5 1-0

[Event "*** Titled Tuesday Blitz"]
[Site "Chess.com"]
[Date "2018.12.04"]
[Round "7"]
[White "jerom555888"]
[Black "Iyael"]
[Result "1-0"]
[WhiteElo "2686"]
[BlackElo "2107"]
[TimeControl "180+2"]
[EndTime "14:32:58 PST"]
[Termination "jerom555888 won by resignation"]

1. Nf3 Nf6 2. g3 g6 3. Bg2 Bg7 4. O-O O-O 5. d3 d6 6. e4 c5 7. Nbd2 Nc6 8. Nc4 Rb8 9. a4 b6 10. e5 Nxe5 11. Nfxe5 dxe5 12. Nxe5 Bb7 13. Nc6 Bxc6 14.
Bxc6 Qc7 15. Bg2 Rbd8 16. Re1 c4 17. d4 Nd5 18. c3 a6 19. Qe2 e6 20. h4 b5 21.
axb5 axb5 22. h5 b4 23. Bd2 b3 24. h6 Bh8 25. Ra4 Ra8 26. Rxc4 Qd7 27. Rc5 Ra2 28.
Bc1 Rc8 29. Rxc8+ Qxc8 30. Bxd5 1-0

[Event "*** Titled Tuesday Blitz"]
[Site "Chess.com"]
[Date "2018.12.04"]
[Round "7"]
[White "Gr3egor"]
[Black "Superfelix"]
[Result "1-0"]
[WhiteElo "2505"]
[BlackElo "2390"]
[TimeControl "180+2"]
[EndTime "14:33:09 PST"]
[Termination "Gr3egor won by resignation"]

1. e4 e6 2. d3 c5 3. Nd2 Nc6 4. Ngf3 Nge7 5. g3 d5 6. Bg2 g6 7. O-O Bg7 8. Qe2 O-O 9. Re1 b5 10.
h4 h5 11. Nf1 Ba6 12. N1h2 dxe4 13. dxe4 Nd4 14. Nxd4 cxd4 15. g4 hxg4 16. Nxg4 Nc6 17. Bg5 f6 18. Bd2 e5 19. h5 Qe8 20. Nh6+ Kh7 21.
hxg6+ Qxg6 22. Nf5 Rh8 23. a4 Rab8 24. Ra3 Kg8 25.
Rg3 Qxg3 26. fxg3 Kf7 27. Nd6+ Ke6 1-0

[Event "*** Titled Tuesday Blitz"]
[Site "Chess.com"]
[Date "2018.12.04"]
[Round "7"]
[White "Chessmatus"]
[Black "ASVZ"]
[Result "0-1"]
[WhiteElo "2169"]
[BlackElo "2289"]
[TimeControl "180+2"]
[EndTime "14:33:27 PST"]
[Termination "ASVZ won by resignation"]

1. d4 e6 2. c4 b6 3. f3 Bb7 4. e4 f5 5. exf5 Nh6 6. fxe6 Nf5 7. exd7+ Nxd7 8. Qe2+ Kf7 9. Be3 Bb4+ 10. Nd2 Re8 11.
Bf2 Rxe2+ 12. Nxe2 Bxd2+ 13. Kxd2 Qg5+ 14. Kc2 Ne3+ 15. Kd3 Nxf1 16. Rhxf1 Qxg2 17. Bg3 Re8 18. Rae1 Rxe2 0-1

[Event "*** Titled Tuesday Blitz"]
[Site "Chess.com"]
[Date "2018.12.04"]
[Round "7"]
[White "orrbaverlekszarnyon"]
[Black "Naruto-K"]
[Result "0-1"]
[WhiteElo "2240"]
[BlackElo "2445"]
[TimeControl "180+2"]
[EndTime "14:34:43 PST"]
[Termination "Naruto-K won by resignation"]

1. e4 e6 2. d4 d5 3. Nc3 Bb4 4. Ne2 Nf6 5. a3 Be7 6. Ng3 c5 7. Bb5+ Nc6 8. exd5 exd5 9. O-O O-O 10. Bxc6 bxc6 11. Nh5 Nxh5 12. Qxh5 cxd4 13. Ne2 Bf6 14.
Rd1 Re8 15. Bf4 c5 16. Ng3 g6 17. Qf3 Ba6 18. Bc7 Qe7 19. Ba5 Qd6 20. Bc7 Qc6 21.
Ba5 Re6 22. Re1 Rae8 23. Rxe6 Rxe6 24. Ne2 Bxe2 0-1

[Event "*** Titled Tuesday Blitz"]
[Site "Chess.com"]
[Date "2018.12.04"]
[Round "7"]
[White "JSMastropiero"]
[Black "armago"]
[Result "0-1"]
[WhiteElo "2162"]
[BlackElo "2059"]
[TimeControl "180+2"]
[EndTime "14:34:54 PST"]
[Termination "armago won by resignation"]

1. d4 Nf6 2. Nf3 g6 3. Nc3 d5 4. Bf4 Bg7 5. Nb5 Na6 6. e3 O-O 7. h3 Ne4 8. Nd2 Bf5 9. f3 e5 10. fxe4 exf4 11. exf5 Qh4+ 12. Ke2 Rfe8 13. Nf3 Rxe3+ 14.
Kd2 Qf2+ 15. Kc1 Rae8 16. Bd3 Qxg2 17. Rf1 Nb4 18. fxg6 hxg6 19. Nxc7 Nxd3+ 20. cxd3 Rc8 21. Kb1 Rxc7 22. a3 Re2 23. Ra2 Rcc2 24. Ne1 Qxf1 0-1

[Event "*** Titled Tuesday Blitz"]
[Site "Chess.com"]
[Date "2018.12.04"]
[Round "7"]
[White "ddtru"]
[Black "djano"]
[Result "0-1"]
[WhiteElo "2318"]
[BlackElo "2353"]
[TimeControl "180+2"]
[EndTime "14:35:17 PST"]
[Termination "djano won by resignation"]

1. d4 Nf6 2. c4 e6 3. Nc3 d5 4.
cxd5 Nxd5 5. e4 Nxc3 6. bxc3 c5 7. Nf3 cxd4 8. cxd4 Bb4+ 9. Bd2 Bxd2+ 10. Qxd2 O-O 11. Bc4 b6 12. O-O Bb7 13. Rfe1 Nd7 14. d5 Rc8 15. dxe6 Rxc4 16. Qxd7 Qxd7 17. exd7 Rd8 18.
Ne5 Rc5 19. f4 f6 20. Nd3 Rc7 21. Re2 Ba6 22. Re3 Rc3 23. Rd1 Rxd7 24. Nb2 Rxe3 25.
Rxd7 Re1+ 26. Kf2 Re2+ 27. Kf3 Rxb2 28. Rxa7 Bc4 29. Rb7 Bxa2 30. e5 Bd5+ 31. Ke3 Bxb7 0-1

[Event "*** Titled Tuesday Blitz"]
[Site "Chess.com"]
[Date "2018.12.04"]
[Round "7"]
[White "MikaelyanArman"]
[Black "vovachesss"]
[Result "1-0"]
[WhiteElo "2767"]
[BlackElo "2499"]
[TimeControl "180+2"]
[EndTime "14:35:21 PST"]
[Termination "MikaelyanArman won by resignation"]

1. e4 c6 2. d3 d5 3. Nd2 e5 4.
Ngf3 Bd6 5. g3 Ne7 6. Bg2 O-O 7. O-O f5 8. exd5 cxd5 9. Re1 Nbc6 10. c4 e4 11. Nh4 g5 12. cxd5 Ne5 13. Nxf5 Nxd3 14. Nxe7+ Bxe7 15. Nxe4 Nxe1 16. Qxe1 Bf5 17. Be3 h6 18.
Rd1 Bd6 19. Qc3 Rc8 20. Qd4 Bxe4 21. Qxe4 Qf6 22. Bh3 Rce8 23. Be6+ Rxe6 24. dxe6 Be5 25. Rd7 Qf5 26. Qxf5 Rxf5 27. Rd8+ Rf8 28. e7 1-0

[Event "*** Titled Tuesday Blitz"]
[Site "Chess.com"]
[Date "2018.12.04"]
[Round "7"]
[White "PowerThinking2650"]
[Black "akretchetov"]
[Result "0-1"]
[WhiteElo "2258"]
[BlackElo "2382"]
[TimeControl "180+2"]
[EndTime "14:35:33 PST"]
[Termination "akretchetov won by resignation"]

1. e4 e5 2. Nf3 Nc6 3. Nc3 Nf6 4. d4 Bb4 5. d5 Ne7 6. Bd3 Bxc3+ 7.
bxc3 d6 8. O-O O-O 9. a4 a5 10. c4 b6 11. h3 Nd7 12. Be3 h6 13. Qd2 f5 14. exf5 Nxf5 15. Qe2 Nc5 16. Bxc5 bxc5 17. Qe4 g6 18. g4 Ne7 19. Qe3 Rf4 20. Nd2 Kg7 21.
Ne4 Ba6 22. Rab1 Qd7 23. Rb5 Bxb5 24. axb5 a4 25. Ra1 Nc8 26. f3 Nb6 27. Ra3 Raf8 28. Be2 Qe7 29. Kg2 Qh4 30. Qf2 Qxf2+ 31. Nxf2 Nxc4 32.
Ra2 Ne3+ 33. Kg3 Nxd5 34. Ne4 Rxe4 35. fxe4 Nc3 0-1

[Event "*** Titled Tuesday Blitz"]
[Site "Chess.com"]
[Date "2018.12.04"]
[Round "7"]
[White "Fins0905"]
[Black "Vamostodorecto"]
[Result "1-0"]
[WhiteElo "2636"]
[BlackElo "2421"]
[TimeControl "180+2"]
[EndTime "14:35:40 PST"]
[Termination "Fins0905 won by resignation"]

1. d4 d5 2. c4 dxc4 3. Nf3 Nf6 4. e3 g6 5. Bxc4 Bg7 6. Nc3 O-O 7. O-O Ne8 8. h3 Nd6 9. Bb3 b5 10. a3 a5 11. e4 Bb7 12. e5 b4 13. axb4 axb4 14. Rxa8 Bxa8 15. exd6 bxc3 16. dxe7 Qxe7 17. bxc3 c5 18. Ba3 Nd7 19. Ba4 Rc8 20. Bxd7 Qxd7 21. Bxc5 Bd5 22. Re1 Qb7 23. Re7 Qb2 24. Qe2 h6 25.
Qxb2 1-0

[Event "*** Titled Tuesday Blitz"]
[Site "Chess.com"]
[Date "2018.12.04"]
[Round "7"]
[White "DawidCzerw"]
[Black "zeitnot2006"]
[Result "0-1"]
[WhiteElo "2221"]
[BlackElo "2093"]
[TimeControl "180+2"]
[EndTime "14:35:53 PST"]
[Termination "zeitnot2006 won by resignation"]

1. d4 d5 2. c4 c6 3. Nc3 Nf6 4. Nf3 e6 5. Bg5 Nbd7 6. e3 Qa5 7. Nd2 Bb4 8. Qc2 O-O 9. Be2 c5 10. O-O cxd4 11. Nb3 Qc7 12. Nb5 Qb6 13. N5xd4 dxc4 14. Bxc4 Bd6 15. Rfd1 a6 16. Rac1 Kh8 17. Qd2 Ne4 18. Qe2 Nxg5 19. Qg4 h6 20. h4 Nf6 21. Qe2 Nge4 0-1

[Event "*** Titled Tuesday Blitz"]
[Site "Chess.com"]
[Date "2018.12.04"]
[Round "7"]
[White "jocmil"]
[Black "AliKa2810"]
[Result "0-1"]
[WhiteElo "2467"]
[BlackElo "2482"]
[TimeControl "180+2"]
[EndTime "14:35:54 PST"]
[Termination "AliKa2810 won by resignation"]

1. d4 Nf6 2. Nf3 g6 3. Bf4 Bg7 4. e3 O-O 5. Nbd2 d6 6. h3 Nc6 7.
Bh2 Nd7 8. Be2 e5 9. c3 Qe7 10. O-O f5 11. a4 Nf6 12. b4 Kh8 13. b5 Na5 14. Nc4 Nxc4 15. Bxc4 e4 16. Nd2 Be6 17. Qb3 Bxc4 18. Nxc4 g5 19. Na5 Rab8 20. Rae1 Nh5 21.
f3 exf3 22. Rxf3 g4 23. hxg4 fxg4 24. Rxf8+ Rxf8 25. Qd5 Qh4 26. Rf1 Rxf1+ 27. Kxf1 Qxh2 28. Qe6 Qh1+ 29. Kf2 g3+ 30. Kf3 Qf1+ 31. Kg4 Nf6+ 32. Kg5 Qxg2 0-1

[Event "*** Titled Tuesday Blitz"]
[Site "Chess.com"]
[Date "2018.12.04"]
[Round "7"]
[White "jefferyx"]
[Black "grzechu96"]
[Result "1-0"]
[WhiteElo "2761"]
[BlackElo "2558"]
[TimeControl "180+2"]
[EndTime "14:35:58 PST"]
[Termination "jefferyx won by resignation"]

1. e4 e5 2. Nf3 Nc6 3. Bb5 a6 4. Ba4 Nf6 5. O-O Be7 6. Bxc6 dxc6 7. d3 Nd7 8. Nbd2 O-O 9. Nc4 f6 10. Nh4 Kh8 11. Nf5 Nc5 12. Nce3 Ne6 13. Nxe7 Qxe7 14. b3 c5 15. Bb2 Nd4 16. f4 f5 17. fxe5 Qxe5 18.
Qh5 Bd7 19. Kh1 Qe8 20. Qg5 h6 21. Qg3 fxe4 22. Qxc7 Rxf1+ 23. Rxf1 exd3 24. Qxc5 Qxe3 25. Bxd4 Qe2 26. Rg1 d2 27. Qd6 Be6 28. Bc3 Rc8 29. Bxd2 Rxc2 30. Bf4 Bf5 31. Qf8+ 1-0

[Event "*** Titled Tuesday Blitz"]
[Site "Chess.com"]
[Date "2018.12.04"]
[Round "7"]
[White "Bigfish1995"]
[Black "hypert"]
[Result "1-0"]
[WhiteElo "3001"]
[BlackElo "2403"]
[TimeControl "180+2"]
[EndTime "14:35:59 PST"]
[Termination "Bigfish1995 won by resignation"]

1. d4 Nf6 2. c4 d6 3. Nc3 Nbd7 4. e4 e5 5. d5 Nc5 6. f3 a5 7. Be3 Be7 8. Qd2 O-O 9. Nge2 h6 10. Nc1 Nh7 11. Nd3 Bg5 12. Nxc5 dxc5 13. O-O-O Bd7 14. h4 Bxe3 15. Qxe3 b6 16. g4 Qf6 17. Be2 Rfe8 18. Rdg1 Qd6 19. Bd3 Nf8 20. Ne2 Ng6 21. h5 Nf4 22. g5 hxg5 23. Rxg5 Qh6 24. Rhg1 Nxe2+ 25. Bxe2 Kh8 26. Kd2 Rg8 27. Rxe5 Qxe3+ 28. Kxe3 Rae8 29. Rxe8 Rxe8 30. f4 f6 31. Kf3 Kh7 32. Bd3 Kh6 33.
Rg6+ Kh7 34. e5 fxe5 35. fxe5 Rxe5 36. Re6+ 1-0

[Event "*** Titled Tuesday Blitz"]
[Site "Chess.com"]
[Date "2018.12.04"]
[Round "7"]
[White "TheMagician"]
[Black "Wolverine_master"]
[Result "1/2-1/2"]
[WhiteElo "2255"]
[BlackElo "2138"]
[TimeControl "180+2"]
[EndTime "14:36:01 PST"]
[Termination "Game drawn by repetition"]

1. d4 d5 2. c4 c6 3. Nf3 Nf6 4. e3 e6 5. Nc3 Nbd7 6. Bd3 dxc4 7. Bxc4 b5 8. Bd3 a6 9. O-O Be7 10. a4 Bb7 11. Qe2 O-O 12. Rd1 Qc7 13. Bd2 b4 14.
Ne4 a5 15. Rac1 Nxe4 16. Bxe4 c5 17. Bxb7 Qxb7 18. dxc5 Nxc5 19. Nd4 Nxa4 20. b3 Nc5 21. Rb1 Bf6 22. Be1 Bxd4 23. Rxd4 Rfd8 24. Rc4 Qd5 25.
Qc2 Nd7 26. Rd1 Qb5 27. h3 Nf6 28. Rxd8+ Rxd8 29. Rc5 Qb6 30. Rc6 Qb5 31. Rc5 Qb6 32. Rc6 Qb5 33. Rc5 Qb6 1/2-1/2